AoeStats
← the shy

Arena

507979576Analyzed
4v4 RM · 12d ago on Sep 20, 2026· 45m 51s· 8 players
Game mode
Random Map
Map size
Large (8 player)
Population
200
Speed
Normal
Resources
Standard
Victory
Conquest
Starting age
Dark Age
Ending age
Imperial Age
RankedLock teamsTeams togetherTeam positionsShared explorationLock speedFull tech treeHidden civsTurbo modeCheats
Victory
Defeat
🇨🇳 Khmer · China
1432
+11
🇨🇳 Japanese · China
1368
+14
🇷🇸 Wu · Serbia
1337
+15
1257
+19
🇦🇷 Cumans · Argentina
1468
-21
🇲🇽 Poles · Mexico
1314
-14
🇪🇸 Inca · Spain
1312
-14
🇪🇸 Spanish · Spain
1193
-10
The Wulf
9:57 Feudal Age
11:23 Loom
14:14 Castle Age
12:25 Double-Bit Axe
19:50 Horse Collar
22:01 Heavy Plow
23:41 Wheelbarrow
27:40 Imperial Age
26:22 Coinage
26:31 Bow Saw
27:59 Hand Cart
28:51 Banking
29:54 Two-Man Saw
29:58 Scale Mail Armor
30:08 Forging
31:15 Murder Holes
32:31 Chain Mail Armor
32:51 Iron Casting
32:17 Stone Mining
32:17 Gold Mining
33:49 Plate Mail Armor
33:54 Iron Casting
33:13 Fletching
33:23 Padded Archer Armor
34:18 Stone Shaft Mining
34:19 Gold Shaft Mining
35:10 Bodkin Arrow
35:30 Leather Archer Armor
35:37 Ballistics
36:18 Chemistry
34:59 Treadmill Crane
35:25 Elite Fire Archer
36:29 Conscription
36:28 Guilds
36:30 Red Cliffs Tactics
36:51 Bracer
38:58 Masonry
38:46 Murder Holes
the shy
10:22 Feudal Age
13:39 Castle Age
11:47 Double-Bit Axe
12:04 Horse Collar
14:57 Bow Saw
20:28 Wheelbarrow
26:58 Imperial Age
24:49 Hand Cart
24:44 Loom
24:56 Gold Mining
25:09 Heavy Plow
26:45 Scale Barding Armor
26:50 Forging
27:26 Forging
27:34 Husbandry
27:45 Bloodlines
28:02 Conscription
27:11 Elite Battle Elephant
30:35 Chain Barding Armor
30:49 Tusk Swords
31:44 Iron Casting
32:50 Plate Barding Armor
34:37 Blast Furnace
33:45 Fletching
34:07 Capped Ram
35:16 Light Cavalry
36:49 Ballistics
37:29 Chemistry
37:22 Gold Shaft Mining
36:39 Stone Mining
39:26 Bodkin Arrow
40:54 Bracer
41:16 Siege Ram
44:32 Devotion
求求了让老头吃你一分
10:42 Feudal Age
15:48 Castle Age
14:45 Double-Bit Axe
15:32 Horse Collar
17:52 Loom
21:15 Crossbowman
22:32 Fletching
23:06 Gold Mining
26:08 Bodkin Arrow
30:40 Imperial Age
28:21 Thumb Ring
29:31 Padded Archer Armor
30:18 Wheelbarrow
32:12 Arbalester
33:05 Bracer
34:52 Chemistry
35:45 Hand Cart
37:34 Leather Archer Armor
38:52 Conscription
39:54 Ring Archer Armor
40:06 Gold Shaft Mining
40:58 Ballistics
41:33 Stone Mining
42:32 Husbandry
45:19 Heavy Camel Rider
630406632
11:04 Feudal Age
15:05 Castle Age
13:04 Double-Bit Axe
13:52 Horse Collar
16:06 Bow Saw
18:11 Arson
20:09 Forging
20:36 Scale Mail Armor
22:25 Scale Mail Armor
22:30 Squires
23:44 Chain Mail Armor
25:19 Iron Casting
25:14 Gold Mining
25:20 Loom
26:42 Wheelbarrow
26:09 Gambesons
28:13 Fletching
28:34 Stone Mining
29:49 Yasama
32:46 Imperial Age
30:14 Bodkin Arrow
30:15 Guard Tower
31:03 Gold Shaft Mining
31:49 Hand Cart
31:43 Heavy Plow
33:27 Ballistics
32:44 Pikeman
34:50 Two-Man Saw
34:13 Conscription
35:02 Keep
35:28 Chemistry
35:27 Kataparuto
35:55 Bracer
36:29 Plate Mail Armor
37:32 Blast Furnace
36:23 Arrowslits
36:47 Halberdier
41:43 Man-at-Arms
43:14 Siege Engineers
43:20 Masonry
43:06 Murder Holes
Arctic Empire
9:33 Loom
11:19 Feudal Age
13:37 Double-Bit Axe
16:23 Castle Age
14:33 Horse Collar
16:08 Stone Mining
16:40 Fletching
18:07 Heavy Plow
20:37 Gold Mining
21:35 Town Watch
23:16 Stone Shaft Mining
24:31 Bodkin Arrow
26:27 Murder Holes
27:34 Treadmill Crane
28:55 Forging
28:46 Scale Mail Armor
29:09 Ballistics
30:21 Masonry
31:54 Wheelbarrow
36:47 Squires
36:33 Arson
37:33 Iron Casting
37:26 Bow Saw
38:42 Gold Shaft Mining
38:26 Hand Cart
38:38 Fortified Wall
38:48 Chain Mail Armor
38:35 Padded Archer Armor
FlashKiller
3:09 Loom
10:34 Feudal Age
8:49 Loom
14:47 Castle Age
13:39 Double-Bit Axe
13:37 Horse Collar
15:36 Wheelbarrow
17:27 Bow Saw
23:25 Bloodlines
24:16 Forging
24:12 Scale Barding Armor
24:54 Husbandry
25:44 Iron Casting
25:25 Town Watch
27:29 Heavy Plow
28:08 Hand Cart
27:46 Gold Mining
32:31 Imperial Age
31:12 Szlachta Privileges
31:31 Chain Barding Armor
32:19 Town Patrol
33:05 Cavalier
33:54 Cavalier
34:42 Cavalier
37:19 Blast Furnace
39:32 Scale Mail Armor
EntrecoitoS
10:04 Feudal Age
10:55 Double-Bit Axe
11:34 Horse Collar
18:39 Castle Age
27:29 Husbandry
28:15 Wheelbarrow
27:26 Loom
34:35 Imperial Age
34:55 Imperial Age
35:00 Bloodlines
36:03 Conscription
37:47 Padded Archer Armor
40:40 Elite Conquistador
41:46 Hand Cart
44:47 Chemistry
Blas de lezo
2:52 Loom
8:58 Feudal Age
9:30 Double-Bit Axe
10:21 Horse Collar
18:14 Wheelbarrow
21:31 Castle Age
19:49 Fletching
20:51 Stone Mining
22:48 Hand Cart
22:45 Bow Saw
22:36 Heavy Plow
23:10 Town Watch
23:10 Loom
23:18 Town Watch
23:18 Loom
23:19 Town Watch
23:19 Loom
24:53 Bodkin Arrow
25:37 Bloodlines
27:25 Padded Archer Armor
30:23 Gold Mining
32:01 Gold Shaft Mining
35:37 Imperial Age
33:59 Forging
33:54 Scale Barding Armor
34:06 Leather Archer Armor
33:56 Steppe Husbandry
33:31 Light Cavalry
34:35 Ballistics
35:23 Iron Casting
35:08 Thumb Ring
36:15 Leather Archer Armor
36:23 Chain Barding Armor
36:47 Conscription
37:42 Blast Furnace
36:20 Hussar
37:21 Elite Kipchak
39:40 Cuman Mercenaries
42:36 Leather Archer Armor
42:49 Parthian Tactics
43:51 Ring Archer Armor
44:39 Blast Furnace
Connection lost

Rejoining the realm…

Still unreachable

The connection could not be restored.

Session expired

The server has moved on; the page needs a fresh start.